 Dungeon Crawl Stone Soup version 0.29.1-13-g9f3cf754e1 (webtiles) character file.

Game seed: 10010664362314235384

255416 LustLizard the Unforgettable (level 19, -3/137 HPs)
             Began as a Gnoll Wanderer on Jan 22, 2023.
             Was the Champion of Hepliaklqana.
             Shot with an arrow by a centaur warrior (18 damage)
             ... on level 2 of the Vaults.
             The game lasted 02:14:23 (56444 turns).

LustLizard the Unforgettable (Gnoll Wanderer)      Turns: 56444, Time: 02:14:24

Health: -3/137     AC: 11    Str: 15    XL:     19   Next: 78%
Magic:  33/46      EV: 24    Int: 20    God:    Hepliaklqana [******]
Gold:   3149       SH:  5    Dex: 16    Spells: 10/46 levels left

rFire   + . .      SeeInvis .   U - +5 scythe "Finisher" {speed, eviscerate}
rCold   x . .      Faith    .   (shield currently unavailable)
rNeg    . . .      Spirit   .   L - +1 robe "Fempeedy" {MP+9}
rPois   +          Reflect  +   A - +2 helmet
rElec   .          Harm     .   r - scarf {+Inv}
rCorr   .          Rampage  .   m - +0 pair of gloves {hurl}
Will    ++...                   j - +0 pair of boots
Stlth   ++++++....              B - amulet of reflection
HPRegen 0.32/turn               N - ring "Vatwelug" {rPois Will+ EV+4 Int+4}
MPRegen 0.30/turn               o - ring of Wibra {Fire Str+6 Int-2 Slay+2}

@: no status effects
A: reduced essence, fangs 1, strong nose, distributed training
}: 2/15 runes: barnacled, gossamer
a: Renounce Religion, Evoke Invisibility, Recall Ancestor, Ancestor Identity,
Transference, Idealise


You were on level 2 of the Vaults.
You worshipped Hepliaklqana.
Hepliaklqana was exalted by your worship.
You visited 7 branches of the dungeon, and saw 33 of its levels.
You also visited: Ossuary, Bailey, Gauntlet and Ice Cave.

You collected 3883 gold pieces.
You spent 734 gold pieces at shops.

Inventory:

Hand Weapons
 U - the +5 scythe "Finisher" (weapon) {speed, eviscerate}
   (You found it on level 3 of the Shoals)

   Attacks with this weapon are significantly faster.
   It may eviscerate those it strikes, slaying them instantly, with a decreasing
   chance against stronger foes.
 Z - a +9 demon trident
Missiles
 Q - 4 datura-tipped darts
 W - 9 throwing nets
Armour
 j - a +0 pair of boots (worn)
 m - a +0 pair of gloves of hurling (worn)
 r - a scarf of invisibility (worn)
 A - a +2 helmet (worn)
 L - the +1 robe "Fempeedy" (worn) {MP+9}
   (You found it on level 10 of the Dungeon)

   MP:        It affects your magic capacity (+9).
 V - the +0 chain mail "Tored" {Contam rPois Will+ Dex+7}
   (You took it off a minotaur in a Gauntlet)

   Dex:       It affects your dexterity (+7).
   rPois:     It protects you from poison.
   Contam:    It causes magical contamination when unequipped.
   Will:      It increases your willpower.
 Y - a scarf of resistance
Jewellery
 o - the ring of Wibra (right hand) {Fire Str+6 Int-2 Slay+2}
   (You found it on level 2 of the Dungeon)

   [ring of fire]

   It enhances your fire magic.
   Str:       It affects your strength (+6).
   Int:       It affects your intelligence (-2).
   Slay:      It affects your accuracy & damage with ranged weapons and melee
   (+2).
   rF:        It protects you from fire.
   rC:        It makes you vulnerable to cold.
 u - a ring of willpower
 v - the ring of Xemaopis {*Slow rElec rF+ Will+ Dex+4}
   (You found it in a Gauntlet)

   [ring of willpower]

   Dex:       It affects your dexterity (+4).
   rF:        It protects you from fire.
   rElec:     It insulates you from electricity.
   *Slow:     It may slow you when you take damage.
   Will:      It increases your willpower.
 z - a ring of protection from cold
 B - an amulet of reflection (around neck)
 I - the ring of Toizi {Wiz rElec rF+ rN+++ Slay-6}
   (You found it on level 11 of the Dungeon)

   [ring of wizardry]

   It improves your spell success rate.
   Slay:      It affects your accuracy & damage with ranged weapons and melee
   (-6).
   rF:        It protects you from fire.
   rElec:     It insulates you from electricity.
   rN:        It renders you almost immune to negative energy.
 N - the ring "Vatwelug" (left hand) {rPois Will+ EV+4 Int+4}
   (You found it on level 6 of the Dungeon)

   [ring of evasion]

   EV:        It affects your evasion (+4).
   Int:       It affects your intelligence (+4).
   rPois:     It protects you from poison.
   Will:      It increases your willpower.
Wands
 f - a wand of iceblast (34)
 G - a wand of flame (47)
 H - a wand of mindburst (18)
 P - a wand of paralysis (12)
 S - a wand of light (19)
 X - a wand of polymorph (20)
Scrolls
 a - a scroll of poison
 b - a scroll of amnesia
 d - 18 scrolls of identify
 i - 5 scrolls of teleportation
 k - 5 scrolls of magic mapping
 l - 3 scrolls of enchant armour
 q - 5 scrolls of immolation
 t - 8 scrolls of fear
 w - 2 scrolls of fog
 E - 6 scrolls of vulnerability
 K - 4 scrolls of torment
 O - 3 scrolls of enchant weapon
Potions
 c - 4 potions of berserk rage
 e - 6 potions of haste
 g - a potion of cancellation
 h - 17 potions of curing
 n - 7 potions of lignification
 p - 3 potions of invisibility
 s - 3 potions of heal wounds
 x - 13 potions of ambrosia
 C - 5 potions of flight
 D - 6 potions of might
 F - 6 potions of brilliance
 J - 6 potions of mutation
 M - 6 potions of magic
Miscellaneous
 R - a phial of floods
 T - a phantom mirror


   Skills:
 + Level 14.4 Fighting
 + Level 13.7 Short Blades
 + Level 13.7 Long Blades
 + Level 13.7 Axes
 + Level 13.7 Maces & Flails
 + Level 13.7 Polearms
 + Level 13.7 Staves
 + Level 14.0 Ranged Weapons
 + Level 13.7 Throwing
 + Level 13.7 Armour
 + Level 13.7 Dodging
 + Level 14.9 Stealth
 + Level 13.7 Shields
 + Level 13.7 Unarmed Combat
 + Level 14.0 Spellcasting
 + Level 11.7 Conjurations
 + Level 11.7 Hexes
 + Level 11.7 Summonings
 + Level 11.7 Necromancy
 + Level 11.7 Translocations
 + Level 11.7 Transmutations
 + Level 12.3 Fire Magic
 + Level 11.7 Ice Magic
 + Level 11.7 Air Magic
 + Level 11.7 Earth Magic
 + Level 11.7 Poison Magic
 + Level 14.9 Invocations
 + Level 14.0 Evocations


You had 10 spell levels left.
You knew the following spells:

 Your Spells              Type           Power      Damage    Failure   Level
a - Foxfire               Conj/Fire      100%       2x1d9     1%          1
b - Inner Flame           Hex/Fire       75%        N/A       1%          3
c - Starburst             Conj/Fire      37%        6d11      4%          6
d - Teleport Other        Tloc           57%        N/A       1%          3
e - Swiftness             Air            57%        N/A       1%          3
f - Airstrike             Air            28%        2d(5-21)  1%          4
g - Alistair's Intoxicat  Tmut/Pois      38%        N/A       1%          5
h - Blink                 Tloc           100%       N/A       1%          2
i - Manifold Assault      Tloc           57%        N/A       1%          5
j - Flame Wave            Conj/Fire      75%        2d17      1%          4

Your spell library contained the following spells:

 Spells                   Type           Power      Damage    Failure   Level
 Apportation              Tloc           100%       N/A       1%          1
 Shock                    Conj/Air       100%       1d9       1%          1
 Poisonous Vapours        Pois/Air       100%       N/A       1%          2
 Scorch                   Fire           100%       2d10      1%          2
 Gell's Gravitas          Tloc           57%        N/A       1%          3
 Lesser Beckoning         Tloc           57%        N/A       1%          3
 Portal Projectile        Hex/Tloc       100%       N/A       1%          3
 Summon Guardian Golem    Hex/Summ       57%        N/A       1%          3
 Tukima's Dance           Hex            57%        N/A       1%          3
 Anguish                  Hex/Necr       28%        N/A       1%          4
 Animate Dead             Necr           57%        N/A       1%          4
 Corpse Rot               Necr/Pois/Air  57%        N/A       1%          4
 Sticky Flame             Conj/Fire      75%        2d9       1%          4
 Blade Hands              Tmut           28%        N/A       1%          5
 Borgnjor's Vile Clutch   Necr/Erth      28%        N/A       1%          5
 Fireball                 Conj/Fire      37%        3d15      1%          5
 Freezing Cloud           Conj/Ice/Air   28%        6-21      1%          5
 Eringya's Noxious Bog    Tmut/Pois      28%        N/A       6%          6
 Simulacrum               Ice/Necr       28%        N/A       6%          6
 Summon Cactus Giant      Summ           28%        N/A       6%          6
 Enfeeble                 Hex            28%        N/A       32%         7
 Malign Gateway           Summ/Tloc      28%        N/A       32%         7
 Orb of Destruction       Conj           28%        9d9       32%         7
 Spellforged Servitor     Conj/Summ      28%        N/A       32%         7
 Storm Form               Tmut/Air       28%        N/A       32%         7
 Ignition                 Fire           38%        3d11      89%         8
 Summon Horrible Things   Summ           28%        N/A       94%         8
 Chain Lightning          Conj/Air       28%        3d38      100%        9
 Fire Storm               Conj/Fire      37%        8d10      100%        9
 Polar Vortex             Ice            28%        N/A       100%        9
 Shatter                  Erth           28%        3d24*     100%        9


Dungeon Overview and Level Annotations

Branches:
Dungeon (15/15)            Temple (1/1) D:7            Lair (5/5) D:11
 Shoals (4/4) Lair:3       Spider (4/4) Lair:3        Slime (0/5) Lair:5
    Orc (2/2) D:9             Elf (0/3) Orc:2        Vaults (2/5) D:14
 Depths (0/4) D:15        Ossuary (visited)          Bailey (visited)
  IceCv (visited)         Gauntlet (visited)
  Crypt: Vaults:2-3

Altars:
Ashenzari
Cheibriados
Dithmenos
Elyvilon
Fedhas
Gozag
Hepliaklqana
Kikubaaqudgha
Makhleb
Nemelex Xobeh
Okawaru
Qazlal
Ru
Sif Muna
Trog
Uskayaw
Vehumet
Wu Jian
Xom
Yredelemnul
Zin
The Shining One
Jiyva

Shops:
D:7 ***   D:12 [   Orc:2 [(((   Shoals:3 !

Annotations:
D:5 exclusion: wyvern
Lair:5 1 runed translucent door


Innate Abilities, Weirdness & Mutations

Your life essence is reduced to manifest your ancestor. (-10% HP)
You have very sharp teeth.
Your uncanny sense of smell can sniff out nearby items.
Your experience applies equally to all skills.


Message History

Publius seems to speed up.
The centaur warrior shoots an arrow.
The arrow completely misses you.
The centaur warrior wields a +3 longbow of freezing.
It is covered in frost.
The centaur warrior shoots an arrow.
The arrow barely misses you.
The centaur warrior shoots an arrow.
The arrow misses you.
The centaur warrior unwields a +0 shortbow.
You block the centaur warrior's attack. The centaur warrior kicks you.
You hear a shout!
You puncture the centaur warrior!
The centaur warrior is moderately wounded.
The centaur warrior shoots an arrow.
The arrow completely misses you.
The arrow hits Publius!!
The arrow freezes Publius.
The centaur warrior barely misses you. x2; The centaur warrior shoots an arrow.
The arrow hits you! The arrow freezes you.
You barely miss the centaur warrior.
The centaur warrior is moderately wounded.
Publius hits the centaur warrior with a +0 lajatang of freezing!
Publius freezes the centaur warrior.
A centaur warrior comes into view.
The centaur warrior hits you.
The centaur warrior completely misses you.
The centaur warrior shoots an arrow.
The arrow completely misses you.
Publius barely misses the centaur warrior.
The centaur warrior wields a +0 shortbow.
The centaur warrior shoots an arrow.
The arrow hits you!
Space momentarily warps into an impossible shape!
You slice the centaur warrior!!
You kill the centaur warrior!
You hit the centaur warrior. You barely miss the centaur warrior.
The centaur warrior shoots an arrow.
The arrow hits you!! The arrow freezes you!
The centaur warrior shoots an arrow.
The arrow hits you!!
* * * LOW HITPOINT WARNING * * *
The arrow freezes you!
* * * LOW HITPOINT WARNING * * *
As you read the scroll of summoning, it crumbles to dust.
Wisps of shadow whirl around you...
The centaur warrior shoots an arrow.
The arrow hits you!!
You die...

#........#
#........#
#........#
#........#
#........#
#########'#+#
#.....k.....#
#...R.pk....#
#...pO@pp...#
#...>.......#
#.......p...#
#...........#
.'c..........#
.#...c.......#
#############
#############
...........


You could see the friendly Publius the battlemage (fast), 2 centaur warriors, a
friendly vault warden (summoned), a friendly ironbound thunderhulk (summoned), 3
friendly vault guards, 2 friendly lindwurms and a friendly ironbound convoker
(summoned).

Vanquished Creatures
  Mlioglotl (Shoals:4)
  Polyphemus (Shoals:4)
  A shadow dragon (shapeshifter) (D:11)
  2 emperor scorpions (Spider:4)
  An orc warlord (Orc:2)
  A fire giant (Vaults:1)
  A vault warden (Vaults:1)
  A ghost moth (Spider:2)
  4 broodmothers
  2 very ugly things
  A reaper (IceCv)
  2 ironbound thunderhulks (Vaults:1)
  2 entropy weavers (Spider:2)
  2 spark wasps
  Azrael (Orc:2)
  4 dire elephants (Vaults:1)
  A minotaur (Gauntlet)
  4 merfolk impalers
  4 boulder beetles
  The ghost of DemonSlayer the Geomancer, a journeyman DsEE of Cheibriados (D:11)
  3 great orbs of eyes
  4 vault guards (Vaults:1)
  A catoblepas (Shoals:4)
  6 hydras
  A rakshasa (D:15)
  2 radroaches
  2 jorogumos
  An ogre mage (D:15)
  9 centaur warriors
  8 two-headed ogres
  An alligator (shapeshifter) (D:15)
  A death yak (Shoals:4)
  3 ironbound frosthearts (Vaults:1)
  2 merfolk avatars
  3 merfolk aquamancers (Shoals:4)
  2 tengu warriors (D:13)
  Urug (D:10)
  2 orc high priests (Orc:2)
  Sonja (Lair:3)
  A pharaoh ant (Spider:4)
  3 sun moths
  6 sea snakes
  3 skeletal warriors (D:13)
  An orb spider (Spider:2)
  3 deep trolls (Vaults:1)
  10 steelbarb worms
  2 glowing orange brains
  6 ironbound convokers
  14 harpies
  2 orc knights
  3 deep elf pyromancers
  13 wolf spiders
  4 lindwurms (Vaults:1)
  An oklob plant (D:11)
  8 fauns (Shoals:1)
  6 manticores
  9 ugly things
  An orc sorcerer (Orc:2)
  3 cyclopes
  6 elephants (Lair:4)
  3 black mambas
  5 merfolk sirens
  A moth of wrath (Spider:4)
  3 water nymphs
  2 vault sentinels (Vaults:1)
  An ice statue (IceCv)
  5 cane toads
  6 torpor snails
  2 kobold demonologists (D:14)
  2 minotaur zombies (Gauntlet)
  An efreet (D:14)
  4 unseen horrors (D:11)
  3 rime drakes
  A rime drake (shapeshifter) (D:14)
  4 komodo dragons
  3 tengu conjurers
  11 demonic crawlers
  6 yaktaurs (Vaults:1)
  3 ice devils
  A freezing wraith (IceCv)
  15 merfolk
  4 polar bears
  7 trolls
  A meliai (Spider:4)
  9 tarantellas
  3 raiju (Lair:5)
  3 snapping turtles
  3 wind drakes
  17 slime creatures
  A hornet (D:9)
  3 dream sheep (Lair:5)
  8 blink frogs
  10 jumping spiders
  2 vampires (D:10)
  2 flying skulls (Gauntlet)
  3 water elementals
  A dire elephant simulacrum (IceCv)
  A wraith (D:11)
  9 culicivoras
  3 hogs (D:12)
  4 wyverns
  24 yaks
  A fire elemental (Orc:2)
  A steam dragon (D:9)
  The ghost of retardedninja the Conjurer, an amateur DrCj (D:3)
  29 redbacks
  Menkaure (Ossuary)
  11 vampire mosquitoes
  5 wargs
  Edmund (D:5)
  3 swamp worms (D:7)
  Duvessa (D:7)
  4 water moccasins
  An acid dragon (Lair:5)
  8 hell hounds (Lair:5)
  13 orc warriors
  A swamp drake (Lair:5)
  An ice beast (D:6)
  A sky beast (D:7)
  10 black bears
  13 wolves
  8 ogres
  4 centaurs
  3 phantoms
  9 kobold brigands
  2 gnoll sergeants
  7 bullfrogs
  An elf zombie (Ossuary)
  2 necrophages (D:5)
  3 scorpions
  2 cane toad simulacra (IceCv)
  2 two-headed ogre simulacra (IceCv)
  A water moccasin zombie (D:3)
  6 wights
  Dowan (D:7)
  A water moccasin skeleton (D:3)
  A troll zombie (Ossuary)
  An elephant simulacrum (IceCv)
  21 killer bees (D:11)
  7 howler monkeys
  3 centaur zombies (Ossuary)
  A bullfrog zombie (D:3)
  4 quasits (D:6)
  2 hounds
  2 human zombies (Ossuary)
  2 jellies (D:6)
  22 orc priests
  6 iguanas
  4 troll simulacra (IceCv)
  21 orc wizards
  3 polar bear simulacra (IceCv)
  4 spriggan simulacra (IceCv)
  A wolf simulacrum (IceCv)
  An ogre zombie (Ossuary)
  6 mummies (Ossuary)
  5 gnolls
  10 adders
  4 naga simulacra (IceCv)
  4 shadow imps
  7 white imps
  9 ufetubi
  3 adder zombies (Ossuary)
  The ghost of Dvallin the Sneak, a weakling KoDe (D:5)
  4 dart slugs
  51 orcs
  5 bats
  8 endoplasms
  3 giant cockroaches
  3 hobgoblins
  6 jackals
  24 kobolds
  5 ball pythons
  3 frilled lizards
  9 goblins
  3 goblin zombies (Ossuary)
  2 hobgoblin zombies (Ossuary)
  2 orc zombies (Ossuary)
  7 quokka zombies (Ossuary)
  10 rats
  5 rat zombies (Ossuary)
858 creatures vanquished.

Vanquished Creatures (collateral kills)
  Kirke (D:12)
  The ghost of pdpol the Brawler, an adept TrGl of Ru (Shoals:4)
  A tengu reaver (Vaults:1)
  Aizul (Spider:1)
  4 vault wardens (Vaults:1)
  2 ghost moths
  An ironbound preserver (Vaults:1)
  2 broodmothers
  2 very ugly things
  A dire elephant (Vaults:1)
  A spark wasp (Spider:3)
  2 entropy weavers (Spider:4)
  2 ettins
  A merfolk javelineer (Shoals:4)
  A fire dragon (Lair:5)
  2 merfolk impalers
  A rakshasa (D:15)
  Harold (D:10)
  2 boulder beetles
  3 hydras
  A merfolk avatar (Shoals:4)
  2 ogre magi
  A centaur warrior (Vaults:1)
  2 radroaches
  3 alligator snapping turtles
  A merfolk aquamancer (Shoals:3)
  4 two-headed ogres
  A tengu warrior (D:13)
  A death yak (Shoals:4)
  2 orc high priests (Orc:2)
  A skeletal warrior (D:13)
  3 deep trolls
  3 pharaoh ants
  A swamp dragon (Lair:5)
  A glowing orange brain (D:15)
  4 sea snakes
  4 orb spiders
  3 steelbarb worms
  3 lindwurms (Vaults:1)
  8 wolf spiders
  An orc knight (Orc:2)
  A wizard (Vaults:1)
  11 harpies
  4 ugly things
  2 orc sorcerers
  A moth of wrath (Spider:2)
  4 manticores
  3 fauns (Shoals:1)
  A cyclops (Orc:2)
  2 water nymphs
  6 merfolk sirens
  4 black mambas
  A vault sentinel (Vaults:1)
  3 elephants (Lair:4)
  3 torpor snails
  An ice devil (Gauntlet)
  5 cane toads
  2 gargoyles
  2 komodo dragons
  A kobold demonologist (D:11)
  5 demonic crawlers
  A freezing wraith (D:14)
  3 yaktaurs (Vaults:1)
  2 meliai (Spider:4)
  5 trolls
  16 merfolk
  A queen bee (D:11)
  A wind drake (Shoals:4)
  3 raiju (Lair:5)
  8 snapping turtles
  11 tarantellas
  4 blink frogs
  16 slime creatures
  4 dream sheep (Lair:5)
  7 polar bears (Lair:5)
  4 culicivoras
  A flying skull (Gauntlet)
  9 jumping spiders
  2 shadows (D:12)
  3 water elementals
  3 fire elementals (Orc:2)
  5 yaks
  2 wraiths (D:11)
  A hog (D:12)
  16 redbacks
  A steam dragon (Lair:5)
  6 water moccasins
  5 wargs
  4 hell hounds
  An acid dragon (D:13)
  9 orc warriors (Orc:2)
  A swamp drake (Lair:5)
  2 black bears (Lair:5)
  4 ogres
  14 wolves
  A boggart (Vaults:2)
  4 centaurs (D:12)
  A bullfrog (Lair:1)
  A kobold brigand (D:8)
  A two-headed ogre simulacrum (IceCv)
  2 cane toad simulacra (IceCv)
  2 wights
  4 killer bees (D:11)
  An elephant simulacrum (IceCv)
  13 orc priests
  An iguana (Lair:5)
  16 orc wizards
  2 spriggan simulacra (IceCv)
  2 troll simulacra (IceCv)
  2 polar bear simulacra (IceCv)
  3 gnolls (D:9)
  3 naga simulacra (IceCv)
  6 white imps
  An ufetubus (IceCv)
  10 orcs
  4 kobolds
  91 foxfires
490 creatures vanquished.

Vanquished Creatures (others)
  A wizard (D:15)
  2 ancestors (D:8)
  44 battlemagi
  5 demonic plants (D:6)
  3963 foxfires
  12 fungi
  119 plants
4146 creatures vanquished.

Grand Total: 5494 creatures vanquished

Notes
Turn   | Place    | Note
-------+----------+-------------------------------------------
     0 | D:1      | LustLizard the Gnoll Wanderer began the quest for the Orb.
     0 | D:1      | LustLizard set off with the following items: a +0 sling, a
                  | +0 helmet, a potion of berserk rage, a +0 robe; and the
                  | following spell memorised: Foxfire; and the following
                  | spells available to memorise: Inner Flame, Sticky Flame.
     0 | D:1      | Reached XP level 1. HP: 20/20 MP: 4/4
   275 | D:1      | Reached XP level 2. HP: 26/26 MP: 1/5
   975 | D:1      | Reached XP level 3. HP: 31/31 MP: 1/7
  1388 | D:2      | Reached skill level 1 in Invocations
  1563 | D:2      | Reached skill level 1 in Short Blades
  1563 | D:2      | Reached skill level 1 in Long Blades
  1563 | D:2      | Reached skill level 1 in Axes
  1563 | D:2      | Reached skill level 1 in Maces & Flails
  1563 | D:2      | Reached skill level 1 in Polearms
  1563 | D:2      | Reached skill level 1 in Staves
  1563 | D:2      | Reached skill level 1 in Throwing
  1563 | D:2      | Reached skill level 1 in Armour
  1563 | D:2      | Reached skill level 1 in Dodging
  1563 | D:2      | Reached skill level 1 in Shields
  1563 | D:2      | Reached skill level 1 in Unarmed Combat
  1899 | D:2      | Identified the ring of Wibra {Fire Str+6 Int-2 Slay+2}
  2210 | D:2      | Found a faded altar of an unknown god.
  2304 | D:3      | Reached XP level 4. HP: 37/38 MP: 4/8
  2542 | D:3      | Learned a level 3 spell: Inner Flame
  2573 | D:3      | Found a transporter.
  2622 | D:3      | Found a transporter.
  2635 | D:3      | Noticed retardedninja's ghost (amateur DrCj)
  3000 | D:3      | Reached skill level 1 in Conjurations
  3000 | D:3      | Reached skill level 1 in Hexes
  3000 | D:3      | Reached skill level 1 in Summonings
  3000 | D:3      | Reached skill level 1 in Necromancy
  3000 | D:3      | Reached skill level 1 in Translocations
  3000 | D:3      | Reached skill level 1 in Transmutations
  3000 | D:3      | Reached skill level 1 in Ice Magic
  3000 | D:3      | Reached skill level 1 in Air Magic
  3000 | D:3      | Reached skill level 1 in Earth Magic
  3000 | D:3      | Reached skill level 1 in Poison Magic
  3170 | D:3      | Reached XP level 5. HP: 43/43 MP: 1/9
  3417 | D:4      | Noticed a phantom
  3458 | D:4      | Killed a phantom
  3630 | D:4      | Found a sand-covered staircase.
  3730 | Ossuary  | Entered an ossuary
  3814 | Ossuary  | Reached XP level 6. HP: 30/50 MP: 1/11
  3971 | Ossuary  | Reached skill level 5 in Fighting
  4243 | Ossuary  | Noticed Menkaure
  4261 | Ossuary  | Killed Menkaure
  4262 | Ossuary  | Reached XP level 7. HP: 56/56 MP: 5/12
  6248 | D:5      | Entered Level 5 of the Dungeon
  6260 | D:5      | Reached XP level 8. HP: 63/63 MP: 7/14
  6342 | D:5      | Found a runed translucent gate.
  6342 | D:5      | Found a runed translucent gate.
  6343 | D:5      | Found a runed translucent gate.
  6345 | D:5      | Noticed Dvallin's ghost (weakling KoDe)
  6636 | D:5      | You fall into a shaft and drop 1 floor!
  7220 | D:5      | Noticed Edmund
  7242 | D:5      | Killed Edmund
  7511 | D:5      | Reached skill level 5 in Fire Magic
  7674 | D:5      | Noticed a wyvern
  8081 | D:6      | Reached XP level 9. HP: 69/69 MP: 10/16
  8141 | D:6      | Reached skill level 5 in Spellcasting
  8515 | D:6      | Reached skill level 5 in Ranged Weapons
  8515 | D:6      | Reached skill level 5 in Evocations
  8788 | D:6      | Identified the ring "Vatwelug" {rPois Will+ EV+4 Int+4}
  8796 | D:6      | Learned a level 3 spell: Gell's Gravitas
  8800 | D:6      | Learned a level 3 spell: Teleport Other
  9113 | D:3      | Killed retardedninja's ghost
  9395 | D:5      | Killed Dvallin's ghost
  9569 | D:7      | Found a staircase to the Ecumenical Temple.
  9600 | D:6      | Reached skill level 5 in Invocations
  9719 | Temple   | Entered the Ecumenical Temple
  9746 | Temple   | Became a worshipper of Hepliaklqana the Forgotten
  9833 | D:7      | Found Umu Vyed's General Store.
  9834 | D:7      | Found Zaatov's Specific Store.
  9844 | D:7      | Bought a potion of haste for 140 gold pieces
  9853 | D:7      | Found a flagged portal.
  9853 | D:7      | Noticed Duvessa
  9856 | D:7      | Noticed Dowan
  9863 | D:7      | Killed Dowan
  9987 | Bailey   | Entered a bailey
 10086 | Bailey   | Reached skill level 5 in Short Blades
 10086 | Bailey   | Reached skill level 5 in Long Blades
 10086 | Bailey   | Reached skill level 5 in Axes
 10086 | Bailey   | Reached skill level 5 in Maces & Flails
 10086 | Bailey   | Reached skill level 5 in Polearms
 10086 | Bailey   | Reached skill level 5 in Staves
 10086 | Bailey   | Reached skill level 5 in Throwing
 10086 | Bailey   | Reached skill level 5 in Armour
 10086 | Bailey   | Reached skill level 5 in Dodging
 10086 | Bailey   | Reached skill level 5 in Shields
 10086 | Bailey   | Reached skill level 5 in Unarmed Combat
 10086 | Bailey   | Reached XP level 10. HP: 54/77 MP: 2/18
 10345 | Bailey   | Noticed an orc knight
 10367 | Bailey   | Killed an orc knight
 10606 | Bailey   | Found an iron altar of Okawaru.
 10640 | D:7      | Killed Duvessa
 11407 | D:7      | Found a snail-covered altar of Cheibriados.
 11483 | D:7      | Found Hycagyw's Elemental Accessories.
 11518 | D:7      | Reached * piety under Hepliaklqana
 12354 | D:8      | Learned a level 3 spell: Swiftness
 12359 | D:8      | Learned a level 4 spell: Airstrike
 12683 | D:8      | Found a shadowy altar of Dithmenos.
 12701 | D:8      | Noticed a two-headed ogre
 12773 | D:8      | Killed a two-headed ogre
 12774 | D:8      | Reached skill level 5 in Conjurations
 12774 | D:8      | Reached skill level 5 in Hexes
 12774 | D:8      | Reached skill level 5 in Summonings
 12774 | D:8      | Reached skill level 5 in Necromancy
 12774 | D:8      | Reached skill level 5 in Translocations
 12774 | D:8      | Reached skill level 5 in Transmutations
 12774 | D:8      | Reached skill level 5 in Ice Magic
 12774 | D:8      | Reached skill level 5 in Air Magic
 12774 | D:8      | Reached skill level 5 in Earth Magic
 12774 | D:8      | Reached skill level 5 in Poison Magic
 12774 | D:8      | Reached XP level 11. HP: 76/76 MP: 12/21
 13723 | D:9      | Noticed a two-headed ogre
 13740 | D:9      | Killed a two-headed ogre
 14115 | D:9      | Found a glowing golden altar of the Shining One.
 14171 | D:9      | Reached ** piety under Hepliaklqana
 14172 | D:9      | Remembered your ancestor Publius as a battlemage
 14271 | D:9      | Found a staircase to the Orcish Mines.
 14549 | D:9      | Found a shimmering altar of Xom.
 14693 | D:9      | Found a sparkling altar of Nemelex Xobeh.
 14858 | D:10     | Entered Level 10 of the Dungeon
 14962 | D:10     | Noticed Harold
 14968 | D:10     | Noticed Urug
 14968 | D:10     | Killed Harold
 14970 | D:10     | Killed Urug
 15875 | D:10     | Found a basalt altar of Yredelemnul.
 16011 | D:10     | Identified the +1 robe "Fempeedy" {MP+9}
 16208 | D:11     | Found a transporter.
 16281 | D:11     | Found a shimmering altar of Xom.
 16480 | D:11     | Found a transporter.
 16494 | D:11     | Noticed a boulder beetle
 16500 | D:11     | Found a staircase to the Lair.
 16500 | D:11     | Noticed a fire crab
 16512 | D:11     | Noticed an oklob plant
 16610 | D:11     | Reached XP level 12. HP: 72/84 MP: 6/23
 16613 | D:11     | Found a frozen archway.
 16656 | IceCv    | Entered an ice cave
 16783 | IceCv    | Reached *** piety under Hepliaklqana
 18004 | IceCv    | Noticed a reaper
 18408 | IceCv    | Killed a reaper
 18718 | D:11     | Noticed DemonSlayer's ghost (journeyman DsEE)
 18791 | D:11     | Noticed a spark wasp
 19650 | D:12     | Noticed an eight-headed hydra
 19688 | D:12     | Found Voskol's Antique Armour Shop.
 19716 | D:12     | Bought a pair of embroidered gloves for 217 gold pieces
 19844 | D:12     | Killed an eight-headed hydra
 20316 | D:12     | Reached skill level 10 in Stealth
 20372 | D:12     | Noticed Kirke
 20382 | D:12     | Killed Kirke
 20729 | D:11     | Noticed a frost giant
 20750 | Lair:1   | Entered Level 1 of the Lair of Beasts
 20846 | Lair:1   | Reached XP level 13. HP: 90/90 MP: 25/25
 21231 | Lair:1   | Reached **** piety under Hepliaklqana
 21401 | Lair:1   | Learned a level 5 spell: Alistair's Intoxication
 21999 | Lair:2   | Found a white marble altar of Elyvilon.
 22248 | Lair:2   | Learned a level 2 spell: Blink
 22254 | Lair:2   | Learned a level 5 spell: Manifold Assault
 23279 | Lair:3   | Noticed Sonja
 23283 | Lair:3   | Killed Sonja
 23478 | Lair:3   | Found a hole to the Spider Nest.
 23572 | Lair:3   | Reached ***** piety under Hepliaklqana
 23935 | Lair:3   | Reached skill level 10 in Fighting
 24070 | Lair:3   | Found a staircase to the Shoals.
 24747 | Lair:4   | Reached XP level 14. HP: 99/99 MP: 25/27
 24766 | Lair:4   | Reached skill level 10 in Invocations
 25191 | Lair:5   | Entered Level 5 of the Lair of Beasts
 25221 | Lair:5   | Found a gate leading to a gauntlet.
 25307 | Gauntlet | Entered a Gauntlet
 25307 | Gauntlet | Found a transporter.
 25607 | Gauntlet | Found a transporter.
 25609 | Gauntlet | Found a transporter.
 25626 | Gauntlet | Found a transporter.
 25635 | Gauntlet | Found a transporter.
 25643 | Gauntlet | Found a transporter.
 25654 | Gauntlet | Found a transporter.
 25664 | Gauntlet | Found a transporter.
 25674 | Gauntlet | Found a transporter.
 25698 | Gauntlet | Found a transporter.
 25723 | Gauntlet | Found a transporter.
 25735 | Gauntlet | Found a transporter.
 25742 | Gauntlet | Found a transporter.
 25780 | Gauntlet | Found a transporter.
 25991 | Gauntlet | Got Humeh's Catalogue of the Dead
 25996 | Gauntlet | Identified the ring of Xemaopis {*Slow rElec rF+ Will+
                  | Dex+4}
 26069 | Gauntlet | Identified the +0 chain mail "Tored" {Contam rPois Will+
                  | Dex+7}
 26210 | Gauntlet | Reached skill level 10 in Spellcasting
 26381 | Gauntlet | Learned a level 4 spell: Flame Wave
 26516 | Lair:5   | Reached skill level 10 in Ranged Weapons
 26516 | Lair:5   | Reached skill level 10 in Evocations
 27496 | Lair:5   | Found a runed translucent door.
 27496 | Lair:5   | Found a viscous altar of Jiyva.
 27496 | Lair:5   | Found a staircase to the Slime Pits.
 27496 | Lair:5   | Noticed an acid blob
 27496 | Lair:5   | Noticed an acid blob
 28049 | Lair:5   | Reached skill level 10 in Short Blades
 28049 | Lair:5   | Reached skill level 10 in Long Blades
 28049 | Lair:5   | Reached skill level 10 in Axes
 28049 | Lair:5   | Reached skill level 10 in Maces & Flails
 28049 | Lair:5   | Reached skill level 10 in Polearms
 28049 | Lair:5   | Reached skill level 10 in Staves
 28049 | Lair:5   | Reached skill level 10 in Throwing
 28049 | Lair:5   | Reached skill level 10 in Armour
 28049 | Lair:5   | Reached skill level 10 in Dodging
 28049 | Lair:5   | Reached skill level 10 in Shields
 28049 | Lair:5   | Reached skill level 10 in Unarmed Combat
 28653 | D:11     | Reached XP level 15. HP: 98/106 MP: 28/29
 28666 | D:11     | a frost giant changed into an alligator snapping turtle
 28674 | D:11     | Killed DemonSlayer's ghost
 28691 | D:11     | Noticed a quicksilver dragon
 29135 | D:11     | Noticed a shadow dragon
 30260 | D:13     | Reached ****** piety under Hepliaklqana
 31135 | D:14     | Found a gate to the Vaults.
 31980 | Orc:1    | Entered Level 1 of the Orcish Mines
 32185 | Orc:2    | Entered Level 2 of the Orcish Mines
 32979 | Orc:2    | Noticed Azrael
 32979 | Orc:2    | Noticed an orc warlord
 33229 | Orc:2    | Killed Azrael
 33261 | Orc:2    | Found Juinusit's Antique Weapon Shoppe.
 33261 | Orc:2    | Found Udenohuuts's Weapon Emporium.
 33303 | Orc:2    | Found Jihaugg's Armour Emporium.
 33306 | Orc:2    | Found Peczaz's Weapon Shoppe.
 33390 | Orc:2    | Reached skill level 10 in Fire Magic
 33428 | Orc:2    | Killed an orc warlord
 33429 | Orc:2    | Reached XP level 16. HP: 89/114 MP: 21/31
 33932 | Orc:2    | Found a staircase to the Elven Halls.
 34373 | D:15     | Entered Level 15 of the Dungeon
 35546 | D:15     | Found a staircase to the Depths.
 35692 | D:15     | Learned a level 6 spell: Starburst
 35812 | D:15     | Found a white marble altar of Elyvilon.
 36167 | D:11     | Killed a shadow dragon
 36638 | D:11     | Identified the ring of Toizi {Wiz rElec rF+ rN+++ Slay-6}
 36815 | Shoals:1 | Entered Level 1 of the Shoals
 38518 | Shoals:2 | Reached XP level 17. HP: 121/121 MP: 33/33
 38944 | Shoals:2 | Reached skill level 10 in Conjurations
 38944 | Shoals:2 | Reached skill level 10 in Hexes
 38944 | Shoals:2 | Reached skill level 10 in Summonings
 38944 | Shoals:2 | Reached skill level 10 in Necromancy
 38944 | Shoals:2 | Reached skill level 10 in Translocations
 38944 | Shoals:2 | Reached skill level 10 in Transmutations
 38944 | Shoals:2 | Reached skill level 10 in Ice Magic
 38944 | Shoals:2 | Reached skill level 10 in Air Magic
 38944 | Shoals:2 | Reached skill level 10 in Earth Magic
 38944 | Shoals:2 | Reached skill level 10 in Poison Magic
 39595 | Shoals:3 | Found the +5 scythe "Finisher" {speed, eviscerate}
 39643 | Shoals:3 | Found Zehy's Distillery.
 39690 | Shoals:3 | Bought a potion of might for 52 gold pieces
 39690 | Shoals:3 | Bought a potion of might for 52 gold pieces
 39690 | Shoals:3 | Bought a potion of invisibility for 104 gold pieces
 39690 | Shoals:3 | Bought a potion of heal wounds for 65 gold pieces
 39690 | Shoals:3 | Bought a potion of magic for 104 gold pieces
 40464 | Shoals:4 | Entered Level 4 of the Shoals
 40531 | Shoals:4 | Noticed Polyphemus
 40546 | Shoals:4 | Killed Polyphemus
 40800 | Shoals:4 | Found a runed translucent door.
 40801 | Shoals:4 | Noticed pdpol's ghost (adept TrGl)
 42122 | Shoals:4 | Noticed Mlioglotl
 42129 | Shoals:4 | Killed Mlioglotl
 42580 | Shoals:4 | Got a barnacled rune of Zot
 42996 | Shoals:4 | Killed pdpol's ghost
 43391 | Spider:1 | Entered Level 1 of the Spider Nest
 44391 | Spider:1 | Noticed Aizul
 44399 | Spider:1 | Killed Aizul
 44400 | Spider:1 | Reached XP level 18. HP: 90/128 MP: 15/34
 49922 | Spider:4 | Entered Level 4 of the Spider Nest
 51956 | Spider:4 | Reached XP level 19. HP: 96/135 MP: 9/36
 52213 | Spider:4 | Got a gossamer rune of Zot
 52915 | Vaults:1 | Entered Level 1 of the Vaults
 56444 | Vaults:2 | Shot with an arrow by a centaur warrior

Illustrated notes

Levels and vault maps discovered:
D:1:      minmay_arrival_doors, layout_loops_corners, minmay_heptomino_h4
D:2:      layout_loops_ring, shapermc_ecumenical_altar_mp_vishouse
D:3:      layout_loops_ring, gammafunk_ghost_mausoleum
D:4:      layout_rooms, lightli_ossuary_entry_decrepit_ruins
D:5:      layout_loops_cross, gammafunk_ghost_split, minmay_misc_feat_iff,
          uniq_edmund
D:6:      layout_cave_pools, serial_demonic, serial_demonic_b, serial_demonic_b,
          serial_demonic_c, serial_demonic_c, serial_demonic_e,
          serial_demonic_e, serial_demonic_a, serial_demonic_d, minivault_10
D:7:      layout_basic, mainiacjoe_overflow_catwalk, minmay_temple_entry_glass,
          enter_bailey_5, nicolae_elemental_shop, nicolae_specific_store,
          worms_lemuel, uniq_duvessa
D:8:      layout_layer_cave, nicolae_dithmenos_the_darkroom
D:9:      layout_irregular_city, mainiacjoe_overflow_alcove_2,
          nicolae_tso_carved_into_rock, nemelex_spade_bored_becter,
          serial_glass, glass_columns_a, glass_columns_b, glass_columns_a,
          glass_columns_b, glass_columns_c, glass_columns_c, glass_columns_c,
          glass_columns_a, glass_columns_a, glass_columns_a, feat_on_display
D:10:     layout_rooms, mainiacjoe_overflow_brackets, st_stairs_9,
          nicolae_figureground_sparkle, uniq_urug, uniq_harold
D:11:     layout_roguey [special_room_bee], lair_entry_dummy,
          portal_ice_cave_demonic_guard, nzn_ghost_randoct, xom_teletrap_fun
D:12:     layout_cave_pools, serial_shops, nicolae_square_shop,
          hangedman_decor_peaks_small, uniq_kirke
D:13:     nicolae_cairo_tiling_large_dashed, layout_basic, grunt_ministairs_11,
          chequers_garden
D:14:     layout_basic, david_vaults_2, minmay_misc_feat_plants
D:15:     gammafunk_enter_depths_forms, layout_loops_ring, elyvilon_altar_3
Temple:   lightli_temple_of_artemis
Lair:1:   layout_cave_pods, serial_rivers, chequers_serial_rivers_marsh,
          chequers_serial_rivers_micro_d, chequers_serial_rivers_micro_c,
          chequers_serial_rivers_large_a, serial_bayou_shore_b
Lair:2:   layout_misc_corridors, basic_altar, serial_bayou_lagoon_a,
          nicolae_quartered_pool_impasse, chequers_serial_rivers_room_b,
          minivault_26
Lair:3:   layout_cave_pods, minmay_shoals_entry_hut,
          spider_nest_entry_funnel_web, uniq_sonja
Lair:4:   layout_misc_corridors
Lair:5:   hangedman_lair_caniforms_friends, layout_long_grid,
          guppyfry_lair_end_dragon, slime_entry_2, gauntlet_entry_generic
Shoals:1: layout_shoals
Shoals:2: layout_shoals, nicolae_shoals_wave_tunnel
Shoals:3: layout_shoals, nicolae_stop_n_shop_2
Shoals:4: shoals_end_simple, layout_shoals, ebering_ghost_reflecting_pool,
          uniq_mara, uniq_polyphemus, uniq_mlioglotl, uniq_nikola
Spider:1: layout_chambers, special_room, uniq_aizul
Spider:2: layout_spider_delve, nicolae_crawler_farm
Spider:3: layout_cave_pods
Spider:4: hellmonk_spider_rune_bug_friends
Orc:1:    layout_caves, hellmonk_bongcloud_opening
Orc:2:    st_orc_mages, layout_caves, uniq_azrael
Vaults:1: nicolae_vaults_specimen_jars, kb_rosetta,
          nicolae_vaults_network_quinsquares
          [nicolae_vaults_network_quincunx_subvault,
          nicolae_vaults_network_quincunx_subvault,
          nicolae_vaults_network_quincunx_subvault,
          nicolae_vaults_network_quincunx_subvault],
          ontoclasm_vaults_claustrophobia, hangedman_vaults_cutoff,
          vaults_room_fancy_cross, nicolae_vaults_big_ls,
          vaults_room_grunt_arrival_checkpoint, vaults_standard_mumra_x,
          hangedman_vaults_nails, nicolae_vaults_big_angled_halls,
          nicolae_vaults_asterisk, vaults_dpeg_encased_lava,
          layout_vaults_big_room
Vaults:2: v_pattern_5, gammafunk_dig_for_victory, nicolae_vaults_shelves_hall,
          ontoclasm_vaults_spin, vaults_mumra_hex,
          nicolae_vaults_border_crossing, hangedman_vaults_stitches,
          ontoclasm_vaults_bender, nicolae_vaults_rhombus_7,
          ontoclasm_vaults_gateway, hangedman_vaults_cutoff,
          layout_vaults_big_cross

Skill      XL: |  1  2  3  4  5  6  7  8  9 10 11 12 13 14 15 16 17 18 19 |
---------------+----------------------------------------------------------+-----
Stealth        | 6 7 8 9 10 11 12 13 14 | 14.9
Invocations    | 1 2 3 4 5 6 7 8 9 10 11 12 13 14 | 14.9
Short Blades   | 1 2 3 5 6 7 8 9 10 11 12 13 | 13.7
Long Blades    | 1 2 3 5 6 7 8 9 10 11 12 13 | 13.7
Axes           | 1 2 3 5 6 7 8 9 10 11 12 13 | 13.7
Maces & Flails | 1 2 3 5 6 7 8 9 10 11 12 13 | 13.7
Polearms       | 1 2 3 5 6 7 8 9 10 11 12 13 | 13.7
Staves         | 1 2 3 5 6 7 8 9 10 11 12 13 | 13.7
Throwing       | 1 2 3 5 6 7 8 9 10 11 12 13 | 13.7
Armour         | 1 2 3 5 6 7 8 9 10 11 12 13 | 13.7
Dodging        | 1 2 3 5 6 7 8 9 10 11 12 13 | 13.7
Shields        | 1 2 3 5 6 7 8 9 10 11 12 13 | 13.7
Unarmed Combat | 1 2 3 5 6 7 8 9 10 11 12 13 | 13.7
Spellcasting   | 3 4 5 6 7 8 9 10 11 12 13 14 | 14.0
Conjurations   | 1 2 3 4 5 6 7 8 9 10 11 | 11.7
Hexes          | 1 2 3 4 5 6 7 8 9 10 11 | 11.7
Summonings     | 1 2 3 4 5 6 7 8 9 10 11 | 11.7
Necromancy     | 1 2 3 4 5 6 7 8 9 10 11 | 11.7
Translocations | 1 2 3 4 5 6 7 8 9 10 11 | 11.7
Transmutations | 1 2 3 4 5 6 7 8 9 10 11 | 11.7
Ice Magic      | 1 2 3 4 5 6 7 8 9 10 11 | 11.7
Air Magic      | 1 2 3 4 5 6 7 8 9 10 11 | 11.7
Earth Magic    | 1 2 3 4 5 6 7 8 9 10 11 | 11.7
Poison Magic   | 1 2 3 4 5 6 7 8 9 10 11 | 11.7
Ranged Weapons | 3 4 5 6 7 8 9 10 11 12 13 14 | 14.0
Fire Magic     | 4 5 6 7 8 9 10 11 12 | 12.3
Evocations     | 3 4 5 6 7 8 9 10 11 12 13 14 | 14.0
Fighting       | 5 6 7 8 9 10 11 12 13 14 | 14.4

Action                   |  1- 3 |  4- 6 |  7- 9 | 10-12 | 13-15 | 16-18 | 19-21 || total
-------------------------+-------+-------+-------+-------+-------+-------+-------++-------
Melee: Whip              |       |    31 |   134 |    24 |       |       |       ||   189
       Bite              |       |       |    18 |    26 |    59 |    66 |    14 ||   183
       Punch             |       |       |     5 |    13 |       |       |       ||    18
       Scimitar          |       |       |       |    24 |       |       |       ||    24
       Demon trident     |       |       |       |   134 |   648 |   703 |       ||  1485
       Scythe            |       |       |       |       |       |   282 |   358 ||   640
 Fire: Sling             |    21 |    11 |       |       |       |       |       ||    32
 Cast: Foxfire           |    65 |    89 |   364 |   425 |   588 |   760 |       ||  2291
       Inner Flame       |       |     2 |     9 |    44 |    50 |    27 |       ||   132
       Gell's Gravitas   |       |       |     3 |     1 |       |       |       ||     4
       Airstrike         |       |       |       |     4 |     9 |    19 |       ||    32
       Swiftness         |       |       |       |     2 |       |       |       ||     2
       Manifold Assault  |       |       |       |       |    56 |   206 |   116 ||   378
       Alistair's Intoxi |       |       |       |       |     1 |       |       ||     1
       Blink             |       |       |       |       |     1 |       |       ||     1
       Flame Wave        |       |       |       |       |     1 |       |       ||     1
       Starburst         |       |       |       |       |       |    11 |       ||    11
Invok: Ancestor Life: Ba |       |       |       |     1 |       |       |       ||     1
       Recall Ancestor   |       |       |       |     1 |     1 |     2 |       ||     4
 Abil: Evoke Invisibilit |       |       |       |       |       |       |     1 ||     1
Evoke: Phantom mirror    |       |       |       |       |       |     3 |       ||     3
  Use: Scroll            |       |       |    10 |    20 |    12 |     8 |     2 ||    52
       Potion            |       |       |     4 |     2 |     2 |     5 |       ||    13
 Stab: Sleeping          |       |     4 |     1 |     1 |    11 |     4 |     5 ||    26
       Distracted        |       |       |       |     6 |    12 |    15 |     7 ||    40
       Petrified         |       |       |       |       |       |     2 |       ||     2
       Invisible         |       |       |       |       |       |       |     2 ||     2
Armor: Robe              |     1 |     2 |       |    14 |    74 |   100 |    11 ||   202
       Leather armour    |       |    10 |    87 |    10 |       |       |       ||   107
Dodge: Dodged            |     5 |    25 |   180 |   110 |   278 |   432 |   114 ||  1144
Block: Other             |       |       |       |     1 |       |    33 |    21 ||    55
       Buckler           |       |       |       |       |   254 |   256 |       ||   510
       Reflection        |       |       |       |       |    19 |    10 |     3 ||    32
